Workbook
Name BedragF: #REF!
Name EuroConv: [1]Parameterblad!$C$1
Name FullFormules: [1]Formules!$A$26:$V$39
Name Geldigheid: [1]Parameterblad!$B$4
Name KredietTypes: [1]Parameterblad!$A$25:$B$26
Name looptijdF: #REF!
Name maandenF: #REF!
Name mensF: #REF!
Name nettorvtF: #REF!
Name UitstelF: #REF!

Sheet Données
C2: Simulation crédit
C4: Emprunteurs | E4: Demandeur 1 | I4: Demandeur 2 | M4: Gage (Habitation financé) | Q4: Vente | S4: Valeur | W4: Rachat de prêt | AA4: Valeur
C6: Nom | Q6: Prix d'achat | S6: 170000 | W6: Montant original prêt
C7: Prénom | Q7: Travaux | W7: Solde actuel
C8: Adresse | Q8: Tva 21% | S8: =S7*21% -> 0 | W8: Taux dans le temps
C9: Code postal + Ville | Q9: Montant travaux | S9: =S7+S8 -> 0 | W9: Indemnité de réemploi | AA9: =AA7*AA8*3/12 -> 0
C10: Téléphone | Q10: Fonds propres | W10: Frais de main levée | AA10: =IF(AA6="","",CHOOSE(MATCH(AA6,AE$69:AE$85,1),AF71,AF72,AF73,AF74,AF75,AF76,AF77,AF78,AF79,AF80,AF81,AF82,AF83,AF84,AF85,AF86))
C11: Email | Q11: Montant achat | S11: =SUM(S6:S9)-S10 -> 170000 | W11: Montant total du rachat | AA11: =SUM(AA7:AA10) -> 0
C13: Crédits en cours | Q13: Construction | U13: Montant | W13: Tva 21% | Y13: Total
C15: Type de prêt | E15: Emprunt | G15: Durée | I15: Taux | K15: R'boursement | M15: 1 échéance | O15: Solde | Q15: Devis construction | W15: =U15*21% -> 0 | Y15: =U15+W15 -> 0
Q16: Devis terrain | W16: =U16*21% -> 0 | Y16: =U16+W16 -> 0
Q17: Devis garage / cave | W17: =U17*21% -> 0 | Y17: =U17+W17 -> 0
Q18: Devis terrain garage / cave | W18: =U18*21% -> 0 | Y18: =U18+W18 -> 0
Q19: Total terrain garage et ou cave | W19: =U19*21% -> 0 | Y19: =U19+W19 -> 0
Q20: Honoraires architecte | W20: =U20*21% -> 0 | Y20: =U20+W20 -> 0
Q21: Raccordement égouts | W21: =U21*21% -> 0 | Y21: =U21+W21 -> 0
Q22: Fonds propres | Y22: =U22 -> 0
E23: =SUM(E17:E22) -> 0 | K23: =SUM(K17:K22) -> 0 | O23: =SUM(O17:O22) -> 0 | Q23: Prix total construction neuve | Y23: =SUM(Y15:Y21)-Y22 -> 0
C26: Revenus | G26: Revenus / dépenses réelles | K26: Credit foncier | M26: Elantis | Q26: Frais de notaire | U26: Frais d'acte d'achat (Barème J - A.R. 16/12/1950)
C28: Revenus employée | K28: =(G28+I28)*1.1392 -> 0 | M28: =G28+I28 -> 0 | U28: Bxl 1 achat | W28: Wallonie | Y28: Wallonie | AA28: Flandre | AC28: Flandre
C29: Revenus ouvrier (e)/fonctionnaire | K29: =(G29+I29)*1.1255 -> 0 | M29: =G29+I29 -> 0
C30: Revenu indépendant | K30: =G30+I30 -> 0 | M30: =G30+I30 -> 0 | Q30: Enregistrement à | U30: =IF($S$11+$AA$11+$Y$23=0,"",12.5%) -> 0.125 | W30: =IF($S$11+$AA$11+$Y$23=0,"",12.5%) -> 0.125 | Y30: =IF($S$11+$AA$11+$Y$23=0,"",6%) -> 0.06 | AA30: =IF($S$11+$AA$11+$Y$23=0,"",10%) -> 0.1 | AC30: =IF($S$11+$AA$11+$Y$23=0,"",5%) -> 0.05
C31: Maladie/invalidité | K31: =G31+I31 -> 0 | M31: =IF(AND(ISNUMBER(G31),COUNT(I28:I30)>0),MIN(G31,660),IF(AND(ISNUMBER(I31),COUNT(G28:G30)>0),MIN(I31,660),IF(AND(ISNUMBER(G31),I31="",COUNT(I28:I30)=0),MIN(750,G31),IF(AND(ISNUMBER(G31),ISNUMBER(I31)),MIN(930,MAX(G31,I31)),"")))) | Q31: Abattement droit d'enregistrement | U31: =IF($S$11+$AA$11+$Y$23=0,"",60000) -> 60000 | W31: =IF($S$11+$AA$11+$Y$23=0,"","non") -> non | Y31: =IF($S$11+$AA$11+$Y$23=0,"","non") -> non | AA31: =IF($S$11+$AA$11+$Y$23=0,"",15000) -> 15000 | AC31: =IF($S$11+$AA$11+$Y$23=0,"",15000) -> 15000
C32: Pensions | K32: =G32+I32 -> 0 | M32: =G32+I32 -> 0 | Q32: Droits d'enregistrements | U32: =IF(S6>=60000,(S11-60000)*12.5%,0) -> 13750 | W32: =SUM(S6+AA11)*12.5% -> 21250 | Y32: =SUM(S11+AA11)*6% -> 10200 | AA32: =IF(S11>=15000,(S11-15000)*10%,0) -> 15500 | AC32: =IF(S11>15000,(S11-15000)*5%,0) -> 7750
C33: Revenus de chômage | K33: =MIN(COUNTA(G33:I33)*275,G33+I33) -> 0 | M33: =IF(AND(ISNUMBER(G33),COUNT(I28:I30)>0),MIN(G33,630),IF(AND(ISNUMBER(I33),COUNT(G28:G30)>0),MIN(I33,630),IF(AND(ISNUMBER(G33),I33="",COUNT(I28:I30)=0),MIN(850,G33),IF(AND(ISNUMBER(G33),ISNUMBER(I33)),MIN(1000,MAX(G33,I33)),"")))) | Q33: Honoraires du notaire | U33: =SUM(AA61:AA67) -> 1992.663 | W33: =U33 -> 1992.663 | Y33: =U33 -> 1992.663 | AA33: =U33 -> 1992.663 | AC33: =U33 -> 1992.663
C34: Total chèque repas par mois | K34: =MIN(COUNTA(G34:I34)*80,G34+I34) -> 0 | M34: NA | Q34: Frais divers d'acte d'achat | U34: =IF($S$11+$AA$11+$Y$23=0,"",900) -> 900 | W34: =IF($S$11+$AA$11+$Y$23=0,"",900) -> 900 | Y34: =IF($S$11+$AA$11+$Y$23=0,"",900) -> 900 | AA34: =IF($S$11+$AA$11+$Y$23=0,"",900) -> 900 | AC34: =IF($S$11+$AA$11+$Y$23=0,"",900) -> 900
C35: Pens. alim. reçues enfants < 15 ans | K35: =IF((G35+I35)/2>(K28+K29+K30+K31+K32+K33)*0.2,(K28+K29+K30+K31+K32+K33)*0.2,(G35+I35)/2) -> 0 | M35: NA | Q35: Total frais de notaires acte d'achat | U35: =SUM(U32:U34) -> 16642.663 | W35: =SUM(W32:W34) -> 24142.663 | Y35: =SUM(Y32:Y34) -> 13092.663 | AA35: =SUM(AA32:AA34) -> 18392.663 | AC35: =SUM(AC32:AC34) -> 10642.663
C36: Nbr d'enfants < 15 ans - Allocations | K36: =IF((G36+I36)*75>(K28+K29+K30+K31+K32+K33)*0.2,(K28+K29+K30+K31+K32+K33)*0.2,(G36+I36)*75) -> 0 | M36: NA
C37: Valeurs locative existant | K37: =(G37+I37)*0.85 -> 0 | M37: =(I37+G37)*0.8 -> 0 | U37: Frais d'acte de prêt (Barème G - A.R. 16/12/1950)
C38: Valeurs locative future | K38: =(G38+I38)*0.85 -> 0 | M38: =(I38+G38)*0.8 -> 0
C39: Autres positif: Handicap, Onem | K39: =G39+I39 -> 0 | M39: =I39+G39 -> 0 | Q39: Droit d'enregistrements | U39: =(((S6+S9+AA11+Y23)*110%*1.3%))+300 -> 2731 | W39: =(((S6+S9+AA11+Y23)*110%*1.3%))+300 -> 2731 | Y39: =(((S6+S9+AA11+Y23)*110%*1.3%))+300 -> 2731 | AA39: =(((S6+S9+AA11+Y23)*110%*1.3%))+300 -> 2731 | AC39: =(((S6+S9+AA11+Y23)*110%*1.3%))+300 -> 2731
C40: Pension alimentaire payée | K40: =G40+I40 -> 0 | M40: =I40+G40 -> 0 | Q40: Honoraires du notaire | U40: =SUM(AA69:AA75) -> 811.3152 | W40: =U40 -> 811.3152 | Y40: =U40 -> 811.3152 | AA40: =U40 -> 811.3152 | AC40: =U40 -> 811.3152
C41: Autres négatif | K41: =G41+I41 -> 0 | M41: =I41+G41 -> 0 | Q41: Frais divers d'acte de crédit | U41: =IF($S$11+$AA$11+$Y$23=0,"",1000) -> 1000 | W41: =U41 -> 1000 | Y41: =U41 -> 1000 | AA41: =U41 -> 1000 | AC41: =U41 -> 1000
C42: Crédits en cours à racheter | K42: =G42+I42 -> 0 | M42: =I42+G42 -> 0 | Q42: Total frais de notaires acte de prêt | U42: =SUM(U39:U41) -> 4542.3152 | W42: =U42 -> 4542.3152 | Y42: =U42 -> 4542.3152 | AA42: =U42 -> 4542.3152 | AC42: =U42 -> 4542.3152
C43: Crédits en cours non rachetés | K43: =G43+I43 -> 0 | M43: =I43+G43 -> 0
C44: Total revenus | G44: =SUM(G28:G37)-G40-G41-G42-G43 -> 0 | I44: =SUM(I28:I37)-I40-I41-I42-I43 -> 0 | K44: =SUM(K28:K39)-K40-K41-K42-K43 -> 0 | M44: =SUM(M28:M39)-M40-M41-M42-M43 -> 0 | Q44: Total frais de notaire | U44: =U42+U35 -> 21184.978 | W44: =W42+W35 -> 28684.978 | Y44: =Y42+Y35 -> 17634.978 | AA44: =AA42+AA35 -> 22934.978 | AC44: =AC42+AC35 -> 15184.978
Q45: Montant achat/construction/travaux | U45: =S11+Y23+AA11 -> 170000 | W45: =S11+Y23+AA11 -> 170000 | Y45: =S11+AA11+Y23 -> 170000 | AA45: =S11+Y23+AA11 -> 170000 | AC45: =S11+Y23+AA11 -> 170000
C46: Rapport charges revenus | K46: =K44*40% -> 0 | M46: =CHOOSE(MATCH(M44,{0;2001;3001},1),0.4,0.45,0.5)*M44 -> 0 | Q46: Montant nécessaire hors frais de dossier | U46: =SUM(U44:U45) -> 191184.98 | W46: =SUM(W44:W45) -> 198684.98 | Y46: =SUM(Y44:Y45) -> 187634.98 | AA46: =SUM(AA44:AA45) -> 192934.98 | AC46: =SUM(AC44:AC45) -> 185184.98
G48: Bxl 1 achat | I48: Wallonie 12,5% | K48: Wallonie 6% | M48: Flandre 10% | O48: Flandre 5% | U48: Bxl 1 achat | W48: Wallonie 12,5% | Y48: Wallonie 6% | AA48: Flandre 10% | AC48: Flandre 5%
C49: Crédit foncier - Frais de dossier | G49: =IF(U46<=G51,MAX(250,MIN(1500,U46*0.5%)),IF(U46>G51,MAX(250,MIN(3500,U46*2%)))) -> 3500 | I49: =IF(W46<=I51,MAX(250,MIN(1500,W46*0.5%)),IF(W46>I51,MAX(250,MIN(3500,W46*2%)))) -> 3500 | K49: =IF(Y46<=K51,MAX(250,MIN(1500,Y46*0.5%)),IF(Y46>K51,MAX(250,MIN(3500,Y46*2%)))) -> 3500 | M49: =IF(AA46<=M51,MAX(250,MIN(1500,AA46*0.5%)),IF(AA46>M51,MAX(250,MIN(3500,AA46*2%)))) -> 3500 | O49: =IF(AC46<=O51,MAX(250,MIN(1500,AC46*0.5%)),IF(AC46>O51,MAX(250,MIN(3500,AC46*2%)))) -> 3500 | Q49: Elantis - Frais de dossier | U49: =CHOOSE(MATCH(U46,{0;30001;250001;500001},1),175,290,500,750) -> 290 | W49: =CHOOSE(MATCH(W46,{0;30001;250001;500001},1),175,290,500,750) -> 290 | Y49: =CHOOSE(MATCH(Y46,{0;30001;250001;500001},1),175,290,500,750) -> 290 | AA49: =CHOOSE(MATCH(AA46,{0;30001;250001;500001},1),175,290,500,750) -> 290 | AC49: =CHOOSE(MATCH(AC46,{0;30001;250001;500001},1),175,290,500,750) -> 290
C50: Montant final du prêt | G50: =U46+G49 -> 194684.98 | I50: =I49+W46 -> 202184.98 | K50: =K49+Y46 -> 191134.98 | M50: =M49+AA46 -> 196434.98 | O50: =O49+AC46 -> 188684.98 | Q50: Montant final du prêt | U50: =U46+U49 -> 191474.98 | W50: =W46+W49 -> 198974.98 | Y50: =Y46+Y49 -> 187924.98 | AA50: =AA46+AA49 -> 193224.98 | AC50: =AC46+AC49 -> 185474.98
C51: Garanties immobilières | G51: =S6+AA6+Y15+Y16+Y17+Y18 -> 170000 | I51: =S6+AA6+Y15+Y16+Y17+Y18 -> 170000 | K51: =S6+AA6+Y15+Y16+Y17+Y18 -> 170000 | M51: =S6+AA6+Y15+Y16+Y17+Y18 -> 170000 | O51: =S6+AA6+Y15+Y16+Y17+Y18 -> 170000 | Q51: Garanties immobilières | U51: =S11+AA11+Y20+Y21+Y22+Y23 -> 170000 | W51: =S11+AA11+Y20+Y21+Y22+Y23 -> 170000 | Y51: =S11+AA11+Y20+Y21+Y22+Y23 -> 170000 | AA51: =S11+AA11+Y20+Y21+Y22+Y23 -> 170000 | AC51: =S11+AA11+Y20+Y21+Y22+Y23 -> 170000
C52: Quotité projet | G52: =IF(G51=0,0,G50/G51) -> 1.1452058 | I52: =IF(I51=0,0,I50/I51) -> 1.1893234 | K52: =IF(K51=0,0,K50/K51) -> 1.1243234 | M52: =IF(M51=0,0,M50/M51) -> 1.1554999 | O52: =IF(O51=0,0,O50/O51) -> 1.1099116 | Q52: Quotité projet | U52: =IF(G51=0,0,U50/U51) -> 1.1263234 | W52: =IF(W51=0,0,W50/W51) -> 1.170441 | Y52: =IF(Y51=0,0,Y50/Y51) -> 1.105441 | AA52: =IF(AA51=0,0,AA50/AA51) -> 1.1366175 | AC52: =IF(AC51=0,0,AC50/AC51) -> 1.0910293
S60: Frais notaire | U60: 0 | W60: 7500
S61: Acte d'achat | U61: 7500 | W61: 17500 | AA61: =Z64*X64 -> 342
U62: 17500 | W62: 30000 | AA62: =Z65*X65 -> 285
U63: 30000 | W63: 45495 | AA63: =Z66*X66 -> 285
U64: 45495 | W64: 64095 | X64: 0.0456 | Y64: =IF($S$11+$Y$23+$AA$11>W60,"oui","non") -> oui | Z64: =IF(Y64="oui",W60,S11+Y23+AA11) -> 7500 | AA64: =Z67*X67 -> 264.9645
U65: 64095 | W65: 250095 | X65: 0.0285 | Y65: =IF($S$11+$Y$23+$AA$11>W61,"oui","non") -> oui | Z65: =IF(Y65="oui",W61-W60,Données!$S$11+$Y$23-Z64) -> 10000 | AA65: =Z68*X68 -> 212.04
U66: 250095 | X66: 0.0228 | Y66: =IF($S$11+$Y$23+$AA$11>W62,"oui","non") -> oui | Z66: =IF(Y66="oui",W62-W61,Données!$S$11+$Y$23-Z65-Z64) -> 12500 | AA66: =Z69*X69 -> 603.6585
X67: 0.0171 | Y67: =IF($S$11+$Y$23+$AA$11>W63,"oui","non") -> oui | Z67: =IF(Y67="oui",W63-W62,Données!$S$11+$U$23-Z66-Z65-Z64) -> 15495 | AA67: =Z70*X70 -> 0
S68: Frais de notaire | U68: 0 | W68: 7500 | X68: 0.0114 | Y68: =IF($S$11+$Y$23+$AA$11>W64,"oui","non") -> oui | Z68: =IF(Y68="oui",W64-W63,Données!$S$11+$Y$23-Z67-Z66-Z65-Z64) -> 18600
S69: Acte de credit | U69: 7500 | W69: 17500 | X69: 0.0057 | Y69: =IF($S$11+$Y$23+$AA$11>W65,"oui","non") -> non | Z69: =IF(Y69="oui",W65-W64,Données!$S$11+$Y$23-Z68-Z67-Z66-Z65-Z64) -> 105905 | AA69: =Z72*X72 -> 128.25 | AE69: 0
U70: 17500 | W70: 30000 | X70: 0.00057 | Y70: NS | Z70: =IF(S11+Y23+AA11>=U66,S11+Y23-AA11,0) -> 0 | AA70: =Z73*X73 -> 136.8 | AE70: 25000 | AF70: 391.1
U71: 30000 | W71: 45495 | AA71: =Z74*X74 -> 114 | AE71: 30000 | AF71: 391.1
U72: 45495 | W72: 64095 | X72: 0.0171 | Y72: =IF($S$11+$Y$23+$AA$11>W68,"oui","non") -> oui | Z72: =IF(Y72="oui",W68,S11+Y23+AA11) -> 7500 | AA72: =Z75*X75 -> 105.9858 | AE72: 40000 | AF72: 423.98
U73: 64095 | W73: 250095 | X73: 0.01368 | Y73: =IF($S$11+$Y$23+$AA$11>W69,"oui","non") -> oui | Z73: =IF(Y73="oui",W69-W68,($S$11+$Y$23+$AA$11)-Z72) -> 10000 | AA73: =Z76*X76 -> 84.816 | AE73: 50000 | AF73: 431.08
U74: 250095 | X74: 0.00912 | Y74: =IF($S$11+$Y$23+$AA$11>W70,"oui","non") -> oui | Z74: =IF(Y74="oui",W70-W69,($S$11+$Y$23+$AA$11)-Z73-Z72) -> 12500 | AA74: =Z77*X77 -> 241.4634 | AE74: 60000 | AF74: 453.29
X75: 0.00684 | Y75: =IF($S$11+$Y$23+$AA$11>W71,"oui","non") -> oui | Z75: =IF(Y75="oui",W71-W70,($S$11+$Y$23+$AA$11)-Z74-Z73-Z72) -> 15495 | AA75: =Z78*X78 -> 0 | AE75: 70000 | AF75: 464.69
S76: Frais de notaire | U76: 0 | W76: 7500 | X76: 0.00456 | Y76: =IF($S$11+$Y$23+$AA$11>W72,"oui","non") -> oui | Z76: =IF(Y76="oui",W72-W71,($S$11+$Y$23+$AA$11)-Z75-Z74-Z73-Z72) -> 18600 | AE76: 80000 | AF76: 472.58
S77: Main levée | U77: 7500 | W77: 17500 | X77: 0.00228 | Y77: =IF($S$11+$Y$23+$AA$11>W73,"oui","non") -> non | Z77: =IF(Y77="oui",W73-W72,($S$11+$Y$23+$AA$11)-Z76-Z75-Z74-Z73-Z72) -> 105905 | AA77: =Z80*X80 -> 0 | AE77: 90000 | AF77: 496.1
U78: 17500 | W78: 30000 | X78: 0.000456 | Y78: NS | Z78: =IF((S11+Y23+AA11)>=U74,(S11+Y23+AA11)-W73,0) -> 0 | AA78: =Z81*X81 -> 0 | AE78: 100000 | AF78: 501.8
U79: 30000 | W79: 45495 | AA79: =Z82*X82 -> 0 | AE79: 125000 | AF79: 525.33
U80: 45495 | W80: 64095 | X80: 0.00399 | Y80: =IF(AA6>W76,"oui","non") -> non | Z80: =IF(Y80="oui",W76,AA6) -> 0 | AA80: =Z83*X83 -> 0 | AE80: 150000 | AF80: 557.97
U81: 64095 | W81: 250095 | X81: 0.00342 | Y81: =IF(AA6>W77,"oui","non") -> non | Z81: =IF(Y81="oui",W77-W76,(AA6)-Z80) -> 0 | AA81: =Z84*X84 -> 0 | AE81: 175000 | AF81: 589.47
U82: 250095 | X82: 0.00228 | Y82: =IF(AA6>W78,"oui","non") -> non | Z82: =IF(Y82="oui",W78-W77,(AA6)-Z81-Z80) -> 0 | AA82: =Z85*X85 -> 0 | AE82: 200000 | AF82: 623.26
X83: 0.00171 | Y83: =IF(AA6>W79,"oui","non") -> non | Z83: =IF(Y83="oui",W79-W78,(AA6)-Z82-Z81-Z80) -> 0 | AA83: =Z86*X86 -> 0 | AE83: 250000 | AF83: 654.67
X84: 0.00114 | Y84: =IF(AA6>W80,"oui","non") -> non | Z84: =IF(Y84="oui",W80-W79,(AA6)-Z83-Z82-Z81-Z80) -> 0 | AE84: 500000 | AF84: 697.66
X85: 0.00057 | Y85: =IF(AA6>W81,"oui","non") -> non | Z85: =IF(Y85="oui",W81-W80,(AA6)-Z84-Z83-Z82-Z81-Z80) -> 0 | AE85: 1000000000 | AF85: 952.92
X86: 0.00023 | Y86: NS | Z86: =IF((I36+U23+AA11)>=U82,(AA11)-W81,0) -> 0 | AF86: 952.92

Sheet CF
B5: Emprunteurs | D5: Demandeur 1 | H5: Demandeur 2 | L5: Gage (Habitation financé)
B7: Nom | D7: =Données!E6 -> 0 | H7: =Données!I6 -> 0
B8: Prénom | D8: =Données!E7 -> 0 | H8: =Données!I7 -> 0
B9: Adresse | D9: =Données!E8 -> 0 | H9: =Données!I8 -> 0 | L9: =Données!M8 -> 0
B10: Code postal + Ville | D10: =Données!E9 -> 0 | H10: =Données!I9 -> 0 | L10: =Données!M9 -> 0
B11: Téléphone | D11: =Données!E10 -> 0
B12: Email | D12: =Données!E11 -> 0
B15: Données du crédit | D15: Remboursement par menualités constantes
B17: Montant achat / construction | D17: =Données!S11 -> 170000
B18: Frais de notaires acte d'achat | D18: =Données!U35 -> 16642.663
B19: Frais de notaires acte de prêt | D19: =Données!U42 -> 4542.3152
B20: Frais de dossier | D20: =Données!G49 -> 3500
B21: Montant du crédit | D21: =Données!G50 -> 194684.98
B22: Garanties immobilières | D22: =Données!G51 -> 170000
B23: Quotité projet | D23: =D21/D22 -> 1.1452058
B28: Formule de crédit | D28: Variable 10/1/1 -cap 3% | F28: Durée en années | H28: 20 | J28: Nombres de paiements mensuels | N28: =H28*12 -> 240
B30: Remboursement par mois | D30: Taux annuel | F30: 0.0409 | H30: Taux mensuel | J30: =NOMINAL(F30,12)/12 -> 0.0033460626 | L30: Mensualité | N30: =-PMT(F30/12,H28*12,D21,1) -> 1189.0085
B31: Remboursement après revision max. | F31: =RATE(N28,N31,D21)*12 -> 0 | H31: Taux mensuel | J31: =J30+0.2466% -> 0.0058120626 | L31: Mensualité max. | N31: =-PMT(F31/12,H28*12,D21,1) -> 3.6321895
B38: Cette étude est réalisée à titre informatif et ne peut donc pas être considérée comme offre de crédit. Elle n'implique aucun engagement, ni de la part du client,
B39: ni de Jean Marc Minne ou un de ses représentants. Le taux et la quotité dépendent des éléments d'une demande de contrat signée.
